 Dungeon Crawl Stone Soup version 0.21.1-1-g345015f (webtiles) character file.

18 Monsterracer the Vexing (level 2, 0/21 HPs)
             Began as a Formicid Arcane Marksman on Apr 29, 2018.
             Slain by a worm (9 damage)
             ... on level 2 of the Dungeon.
             The game lasted 00:02:56 (1074 turns).

Monsterracer the Vexing (Formicid Arcane Marksman)  Turns: 1074, Time: 00:02:56

Health: 0/21       AC:  4    Str: 14    XL:     2   Next: 85%
Magic:  3/3        EV: 12    Int: 12    God:
Gold:   78         SH:  0    Dex: 11    Spells: 2/3 levels left

rFire    . . .     SeeInvis +   g - -1 whip (curse)
rCold    . . .     Gourm    .   (no shield)
rNeg     . . .     Faith    .   e - +0 robe
rPois    .         Spirit   .   (helmet unavailable)
rElec    .         Reflect  .   i - +1 cloak
rCorr    .         Harm     .   (no gloves)
MR       .....                  (no boots)
Stlth    +.........             (no amulet)
HPRegen  0.07/turn              (no ring)
MPRegen  0.08/turn              (no ring)

@: no status effects
A: permanent stasis, dig shafts and tunnels, four strong arms, antennae 3
a: Dig, Shaft Self


You were on level 2 of the Dungeon.
You were hungry.

You visited 1 branch of the dungeon, and saw 2 of its levels.

You collected 78 gold pieces.

Inventory:

Hand Weapons
 a - a +1 hand crossbow
 g - a cursed -1 whip (weapon)
 j - a +0 mace
Missiles
 b - 2 throwing nets (quivered)
 d - 20 bolts
Armour
 e - a +0 robe (worn)
 h - a +0 buckler
 i - a +1 cloak (worn)
Scrolls
 k - 2 scrolls of enchant weapon
Potions
 l - a potion of curing {unknown}
 m - a potion of flight
Books
 f - a book of Debilitation

   Spells                             Type                      Level
   a - Corona                         Hexes                        1
   b - Slow                           Hexes                        2
   c - Inner Flame                    Hexes/Fire                   3
   d - Portal Projectile              Hexes/Translocation          3
   e - Cause Fear                     Hexes                        4
   f - Leda's Liquefaction            Hexes/Earth                  4
Comestibles
 c - a ration


   Skills:
 + Level 1.2 Fighting
 * Level 2.1 Maces & Flails
 - Level 2.0 Crossbows
 - Level 1.7 Dodging
 + Level 0.1 Shields
 - Level 1.1 Spellcasting
 - Level 3.6 Hexes


You had 2 spell levels left.
You knew the following spells:

 Your Spells              Type           Power        Failure   Level  Hunger
a - Corona                Hex            #......      7%          1    ##.....


Dungeon Overview and Level Annotations

Branches:
Dungeon (2/15)

Altars:


Innate Abilities, Weirdness & Mutations

You cannot be hasted, slowed, berserked, paralysed or teleported.
You can dig through walls and to a lower floor.
Your four strong arms can wield two-handed weapons with a shield.
You have a pair of large antennae on your head. (SInv)


Message History

No target in view!
No target in view!
No target in view!
No target in view!
No target in view!
No target in view!
No target in view!
No target in view!
No target in view!
No target in view!
No target in view!
The bat closely misses you.
You barely miss the bat. The bat closely misses you. x2
The bat hits you but does no damage.
You barely miss the bat. The bat closely misses you.
The bat hits you but does no damage. The bat misses you.
You hit the bat.
You kill the bat!
No target in view!
No target in view!
Key pressed, stopping explore.
No target in view!
No target in view!
No target in view!
No target in view!
No target in view!
You see here a bat corpse.
There is a stone staircase leading down here.
You see here 18 arrows.
There is an escape hatch in the floor here.
Done exploring.
Health restored: 21 Done exploring.
There is an escape hatch in the floor here.
There is a stone staircase leading down here.
You climb downwards.
Found a scroll of teleportation, 7 gold pieces and 2 needles of sleeping.
Found a stone staircase leading down.
There is a stone staircase leading up here.
You now have 70 gold pieces (gained 7).
You sense a monster nearby.
You now have 78 gold pieces (gained 8).
Found a spear.
l - a puce potion A frilled lizard comes into view.
A frilled lizard is nearby!
The frilled lizard hisses angrily.
Found a stone staircase leading down.
The frilled lizard bites you but does no damage.
You miss the frilled lizard. The frilled lizard misses you.
You hit the frilled lizard.
You kill the frilled lizard!
No target in view!
No target in view!
You sense a monster nearby.
A worm comes into view.
You are feeling hungry.
Okay, then.
Found 18 bolts.
Found a scroll of identify.
You hit the worm.
The worm is lightly wounded.
The worm bites you but does no damage.
You barely miss the worm. You barely miss the worm. The worm misses you.
You barely miss the worm. You barely miss the worm.
The worm closely misses you.
You hit the worm.
The worm is moderately wounded.
The worm bites you!
Ouch! That really hurt!
* * * LOW HITPOINT WARNING * * *
You take 12 damage, and have 9/21 hp.
MASSIVE DAMAGE!!
You hit the worm.
The worm is moderately wounded.
You hit the worm.
The worm is heavily wounded.
The worm closely misses you.
You hit the worm.
The worm is severely wounded.
You hit the worm but do no damage.
The worm is severely wounded.
The worm completely misses you.
You hit the worm but do no damage.
The worm is severely wounded.
The worm misses you.
You hit the worm.
The worm is severely wounded.
You barely miss the worm.
The worm is severely wounded.
The worm completely misses you.
You hit the worm.
The worm is almost dead.
You hit the worm but do no damage.
The worm is almost dead.
The worm closely misses you.
You completely miss the worm.
The worm is almost dead.
The worm bites you!
You die...

.. ... ..#. ...
..?.. ... ###
...#.##.# ....
..#..#.# .....
#.....####......
#.......@w.....#
#.(.....###.##..
####..#.....#
#..#####...
#.†## . ##..##
#...# ##.#.>.#
#..###..#


You could see a worm.

Vanquished Creatures
  A leopard gecko (D:1)
  4 goblins (D:1)
  2 hobgoblins (D:1)
  2 jackals (D:1)
  4 bats (D:1)
  2 frilled lizards
  A kobold (D:1)
16 creatures vanquished.

Notes
Turn   | Place    | Note
-------+----------+-------------------------------------------
     0 | D:1      | Monsterracer the Formicid Arcane Marksman began the quest for the Orb.
     0 | D:1      | Reached XP level 1. HP: 15/15 MP: 2/2
   147 | D:1      | Reached skill level 1 in Maces & Flails
   252 | D:1      | Reached XP level 2. HP: 21/21 MP: 3/3
   414 | D:1      | HP: 9/21 [jackal (2)]
  1064 | D:2      | HP: 9/21 [worm (12)]
  1074 | D:2      | Slain by a worm

Skill      XL: |  1  2 |
---------------+-------+-----
Maces & Flails | 1 2 |  2.1
Fighting       | |  1.2
Crossbows      | |  2.0
Dodging        | |  1.7
Shields        | |  0.1
Spellcasting   | |  1.1
Hexes          | |  3.6

Action                   || total
-------------------------++-------
Melee: Whip              ||    92
  Use: Scroll            ||     6
Armor: Robe              ||    28
Dodge: Dodged            ||    69

Vault maps used:
D:1:      dpeg_arrival_arbitrary_b, kennysheep_decorative_pillar
D:2:      uniq_crazy_yiuf_cottage
